 Dungeon Crawl Stone Soup version 0.21-a0-349-g0c35859 (webtiles) character file.

640 Ijustatesigmund the Cutter (level 7, -3/58 HPs)
             Began as a Vine Stalker Fighter on Oct 8, 2017.
             Slain by Duvessa
             ... wielding a +2 rapier of speed
              (8 damage)
             ... in the Ecumenical Temple.
             The game lasted 00:09:01 (3712 turns).

Ijustatesigmund the Cutter (Vine Stalker Fighter)   Turns: 3712, Time: 00:09:02

Health: -3/58      AC: 10    Str: 23    XL:     7   Next: 51%
Magic:  0/8        EV:  7    Int:  8    God:
Gold:   312        SH: 10    Dex: 18    Spells: 6/6 levels left

rFire    . . .     SeeInvis .   a - +1 rapier
rCold    . . .     Gourm    .   c - +0 shield
rNeg     . . .     Faith    .   b - +0 scale mail
rPois    .         Spirit   +   i - +1 helmet
rElec    .         Reflect  .   j - +1 cloak
rCorr    .         Harm     .   (no gloves)
MR       .....                  (no boots)
Stlth    ..........             (no amulet)
HPRegen  0.99/turn              k - ring of flight
MPRegen  0.11/turn              (no ring)

@: mighty, berserking, very quick
A: fangs 2, agile 1, high mp 1, regeneration 2, magic shield, antimagic bite, no
potion heal 3, rot immunity
a: Evoke Flight


You were in the Ecumenical Temple.
You were not hungry.

You visited 2 branches of the dungeon, and saw 6 of its levels.

You collected 312 gold pieces.

Inventory:

Hand Weapons
 a - a +1 rapier (weapon)
Missiles
 m - 4 javelins (quivered)
 s - 2 throwing nets
Armour
 b - a +0 scale mail (worn)
 c - a +0 shield (worn)
 i - a +1 helmet (worn)
 j - a +1 cloak (worn)
Jewellery
 k - a ring of flight (left hand)
Scrolls
 e - 2 scrolls of remove curse
 h - 2 scrolls of amnesia
 n - 3 scrolls of identify
 p - 2 scrolls of recharging
 w - a scroll of immolation
Potions
 d - 2 potions of might
 g - 6 potions of curing
 l - a potion of lignification
 q - a potion of invisibility
 t - a potion of berserk rage
Books
 u - a book of Cantrips

   Spells                             Type                      Level
   a - Confusing Touch                Hexes                        1
   b - Animate Skeleton               Necromancy                   1
   c - Summon Small Mammal            Summoning                    1
   d - Apportation                    Translocation                1
Comestibles
 f - 2 bread rations
 r - a meat ration
 v - a royal jelly
 x - a chunk of flesh


   Skills:
 + Level 5.3 Fighting
 + Level 5.4 Short Blades
 - Level 2.4 Armour
 - Level 2.7 Stealth
 - Level 2.6 Shields


You had 6 spell levels left.
You didn't know any spells.

Dungeon Overview and Level Annotations

Branches:
Dungeon (5/15)             Temple (1/1) D:5

Altars:

Annotations:
Temple Duvessa


Innate Abilities, Weirdness & Mutations

You have extremely sharp teeth.
You heal very quickly.
When hurt, damage is shared between your health and your magic reserves.
Your bite disrupts and absorbs the magic of your enemies.
Potions cannot restore your health.
You are immune to rotting.
You are agile. (Dex +2)
You have an increased reservoir of magic. (+10% MP)


Message History

Press: ? - help, Shift-Dir - straight line, f/p - Dowan
Aim: Dowan, wielding a dagger and wearing a robe (almost dead, poisoned)
You throw a javelin. The javelin hits Dowan!
You kill Dowan!
Something shouts wrathfully, "No!"
You block something's attack. Something hits you! Something hits you.
Something hits you but does no damage. Something hits you!
You climb downwards.
Welcome to the Ecumenical Temple!
There is a staircase back to the Dungeon here.
You barely miss something. You bite something! You drain its power.
You feel invigorated. Something hits you!
You barely miss something. You bite something! You drain its power.
You feel invigorated. Something hits you. Something hits you!
* * * LOW HITPOINT WARNING * * *
A red film seems to cover your vision as you go berserk!
You feel yourself moving faster!
You feel mighty! You block something's attack. Something hits you!
* * * LOW HITPOINT WARNING * * *
You closely miss something. Your bite misses something. Something hits you!
You die...

.. .. .. # #..
. . .## ...
.###. ...
..##...##.. .
#.......# .
...#.......#...
#...{.....#
#....@....#
#.........#
...#.......#...
. #.......# .
..##...##.. ...
.###. ... ##. .
. ..# # .. ..
..


There were no monsters in sight!

Vanquished Creatures
  An ogre (D:5)
  Dowan (D:5)
  3 crimson imps
  A centaur zombie (D:4)
  Crazy Yiuf (D:2)
  A bullfrog skeleton (D:4)
  Natasha (D:3)
  An iguana (D:5)
  An orc wizard (D:4)
  3 worker ants
  Robin (D:2)
  8 adders
  An ooze (D:3)
  3 worms
  A dart slug (D:1)
  A leopard gecko (D:1)
  5 orcs
  3 bats (D:1)
  2 giant cockroaches
  13 goblins
  14 hobgoblins
  4 jackals (D:1)
  7 kobolds
  2 quokkas (D:3)
  2 frilled lizards
  A leopard gecko zombie (D:5)
  A quokka skeleton (D:4)
  4 rats
87 creatures vanquished.

Notes
Turn   | Place    | Note
-------+----------+-------------------------------------------
     0 | D:1      | Ijustatesigmund the Vine Stalker Fighter began the quest for the Orb.
     0 | D:1      | Reached XP level 1. HP: 11/11 MP: 2/2
    60 | D:1      | Reached XP level 2. HP: 16/16 MP: 3/3
    65 | D:1      | Reached skill level 1 in Stealth
   291 | D:1      | Reached XP level 3. HP: 19/19 MP: 4/4
  1143 | D:2      | You fall through a shaft!
  1188 | D:3      | Gained mutation: Your natural rate of healing is unusually fast. [Vine Stalker growth]
  1188 | D:3      | Reached XP level 4. HP: 12/24 MP: 3/5
  1197 | D:2      | Noticed Robin
  1244 | D:2      | Killed Robin
  1720 | D:2      | Found a runed door.
  1725 | D:2      | Noticed Crazy Yiuf
  1736 | D:2      | Killed Crazy Yiuf
  1736 | D:2      | Reached XP level 5. HP: 10/28 MP: 4/6
  2015 | D:3      | Gained mutation: You have an increased reservoir of magic. (+10% MP) [potion of mutation]
  2015 | D:3      | Gained mutation: You heal very quickly. [potion of mutation]
  2015 | D:3      | Gained mutation: You are agile. (Dex +2) [potion of mutation]
  2311 | D:3      | Noticed Natasha
  2318 | D:3      | Killed Natasha
  2563 | D:4      | Reached XP level 6. HP: 27/33 MP: 5/7
  3301 | D:5      | Entered Level 5 of the Dungeon
  3397 | D:5      | Reached skill level 5 in Short Blades
  3397 | D:5      | Reached XP level 7. HP: 38/38 MP: 8/8
  3406 | D:5      | Reached skill level 5 in Fighting
  3678 | D:5      | Found a staircase to the Ecumenical Temple.
  3694 | D:5      | Noticed Dowan
  3697 | D:5      | Noticed Duvessa
  3706 | D:5      | Killed Dowan
  3708 | Temple   | Entered the Ecumenical Temple
  3712 | Temple   | Slain by Duvessa

Vault maps used:
D:1:      dpeg_arrival_more_subterranean_lakeside_camping
D:2:      first_bread, uniq_robin, uniq_crazy_yiuf_cottage
D:3:      minmay_misc_feat_four_crosses, uniq_natasha
D:5:      temple_fountains, uniq_duvessa
Temple:   regret_index_temple_sphere_string

Skill      XL: |  1  2  3  4  5  6  7 |
---------------+----------------------+-----
Short Blades   | 2 3 4 5 |  5.4
Stealth        | 1 2 |  2.7
Fighting       | 3 4 5 |  5.3
Armour         | |  2.4
Shields        | |  2.6

Action                   |  1- 3 |  4- 6 |  7- 9 || total
-------------------------+-------+-------+-------++-------
Melee: Rapier            |   101 |   174 |    28 ||   303
       Bite              |    19 |    69 |    11 ||    99
Throw: Javelin           |       |     2 |     2 ||     4
       Tomahawk          |       |     2 |     2 ||     4
  Use: Scroll            |     3 |    13 |       ||    16
       Potion            |       |     2 |     2 ||     4
  Eat: Chunk             |     1 |     7 |     1 ||     9
Armor: Scale mail        |    40 |    58 |     9 ||   107
Dodge: Dodged            |    33 |    30 |    10 ||    73
Block: Shield            |    60 |    67 |     7 ||   134

Table legend:
 A = Spawn XP
 B = Non-spawn XP
 C = Spawn XP percentage of total XP
 D = Spawn monster count
 E = Non-spawn monster count
 F = Spawn count percentage of total count
 G = Total turns spent on level
                    A         B        C        D         E        F      G
               +---------+---------+-------+---------+---------+-------+---------
         Total |       0 |     915 |   0.0 |       0 |      87 |   0.0 |  3712
               +---------+---------+-------+---------+---------+-------+---------
           D:1 |       0 |      43 |   0.0 |       0 |      23 |   0.0 |   922
           D:2 |       0 |     122 |   0.0 |       0 |      27 |   0.0 |  1060
           D:3 |       0 |     106 |   0.0 |       0 |      16 |   0.0 |   559
           D:4 |       0 |     288 |   0.0 |       0 |      13 |   0.0 |   760
           D:5 |       0 |     356 |   0.0 |       0 |       8 |   0.0 |   407
               +---------+---------+-------+---------+---------+-------+---------
